 Dungeon Crawl Stone Soup version 0.30.0-29-ga12c61a403 (webtiles) character file.

Game seed: 3666003489165785758

892 seaoflcl the Chopper (level 7, -2/61 HPs)
             Began as a Minotaur Fighter on June 15, 2023.
             Killed from afar by Grinder (13 damage)
             ... with a bolt of light
             ... on level 5 of the Dungeon.
             The game lasted 00:05:19 (3930 turns).

seaoflcl the Chopper (Minotaur Fighter)             Turns: 3930, Time: 00:05:19

Health: -2/61      AC: 10    Str: 23    XL:     7   Next: 78%
Magic:  6/6        EV:  8    Int:  5    God:
Gold:   359        SH: 10    Dex:  9    Spells: 6/6 levels left

rFire   . . .        a - +0 war axe
rCold   . . .        c - +0 buckler
rNeg    . . .        s - +0 chain mail
rPois   .            (helmet restricted)
rElec   .            n - scarf {shadows}
rCorr   .            (no gloves)
SInv    .            (no boots)
Will    .....        w - amulet of reflection Stlth
                     (no ring)
HPRegen 0.30/turn    (no ring)
MPRegen 0.10/turn

%: reflection
@: mighty
A: horns 2, retaliatory headbutt
a: no special abilities


You were on level 5 of the Dungeon.
You visited 1 branch of the dungeon, and saw 5 of its levels.
You also visited: Ossuary.

You collected 359 gold pieces.

Inventory:

Hand Weapons
 a - a +0 war axe (weapon)
 z - a +5 halberd
Missiles
 f - 5 silver javelins (quivered)
 x - 2 javelins
Armour
 c - a +0 buckler (worn)
 n - a scarf of shadows (worn)
 s - a +0 chain mail (worn)
Jewellery
 w - an amulet of reflection (around neck)
Wands
 p - a wand of mindburst (20)
 t - a wand of roots (3)
Scrolls
 b - 3 scrolls of immolation
 e - a scroll of amnesia {unknown}
 h - 3 scrolls of magic mapping
 j - a scroll of enchant armour {unknown}
 u - a scroll of butterflies
 v - 3 scrolls of teleportation {unknown}
 y - 2 scrolls of vulnerability {unknown}
 B - a scroll of fog {unknown}
 C - a scroll of blinking {unknown}
Potions
 d - a potion of might
 g - 2 potions of curing
 i - 2 potions of ambrosia
 k - a potion of invisibility
 l - 4 potions of degeneration
 m - a potion of resistance {unknown}
 o - a potion of brilliance {unknown}
 q - 6 potions of haste {unknown}
 r - a potion of lignification {unknown}
 A - 2 potions of attraction {unknown}


   Skills:
 + Level 5.6 Fighting
 * Level 6.6 Axes
 + Level 0.2(4.0) Polearms
 + Level 3.3 Throwing
 + Level 5.6 Armour
 + Level 5.5 Shields


You had 6 spell levels left.
You didn't know any spells.
Your spell library contained the following spells:

 Spells                   Type           Power      Damage    Failure   Level
 Necrotise                Necr           0%         1d4       98%         1
 Ensorcelled Hibernation  Hex/Ice        0%         N/A       99%         2
 Lesser Beckoning         Tloc           0%         N/A       99%         2
 Passwall                 Tmut/Erth      0%         N/A       99%         2
 Static Discharge         Conj/Air       0%         2-2/arc   99%         2
 Gell's Gravitas          Tloc           0%         N/A       100%        3
 Swiftness                Air            0%         N/A       100%        3
 Teleport Other           Tloc           0%         N/A       100%        3
 Vampiric Draining        Necr           0%         2d6       100%        3
 Airstrike                Air            0%         2d(0-16)  100%        4
 Summon Lightning Spire   Summ/Air       0%         N/A       100%        4
 Agony                    Necr           0%         N/A       100%        5


Dungeon Overview and Level Annotations

Branches:
Dungeon (5/15)            Ossuary (visited)
 Temple: D:4-7

Altars:
Vehumet
Zin

Annotations:
D:5 Grinder


Innate Abilities, Weirdness & Mutations

You have a pair of horns on your head.
You reflexively headbutt those who attack you in melee.


Message History

You kill the orc!
Grinder gestures at you. You resist with significant effort.
Grinder gestures at you. Pain shoots through your body!
Grinder blinks!
Grinder gestures at you. Pain shoots through your body!
You are too injured to fight recklessly!
You are too injured to fight recklessly!
You are too injured to fight recklessly!
You are too injured to fight recklessly!
Throw: 6 javelins (silver)
Press: ? - help, Q - select action, (/) - cycle Shift-Dir - straight line, f - Grinder
Aim: Grinder, carrying a wand of light (7) (53% to hit, chaotic)
You throw a silver javelin.
The silver javelin pierces through Grinder.
The silver sears Grinder!
Grinder is lightly wounded.
You hit Grinder. Your headbutt misses Grinder.
Grinder is lightly wounded.
Grinder gestures at you.
You suddenly lose the ability to move!
Grinder zaps a wand.
The bolt of light hits you. Grinder hits you.
* * * LOW HITPOINT WARNING * * *
You writhe in agony.
* * * LOW HITPOINT WARNING * * *
You can move again.
Really read the scroll of immolation?
As you read the scroll of immolation, it crumbles to dust.
The creatures around you are filled with an inner flame!
Grinder zaps a wand.
The bolt of light hits you!
* * * LOW HITPOINT WARNING * * *
You feel better. Grinder barely misses you.
You feel very mighty all of a sudden.
Grinder zaps a wand.
The bolt of light hits you!
* * * LOW HITPOINT WARNING * * *
You feel better.
Grinder zaps a wand.
The bolt of light hits you!
You die...

#......##.....##..
#......##.....##..
########.....##......#..
#.....##.....##......#..
......).††...........#..
.............##.....##..
#............##.....##..
#...................####
.......@5......
............>..
......##...(.# #.....
....(# ###### ......
...... ......


You could see Grinder (inner flame).

Vanquished Creatures
  A water moccasin (D:5)
  An ogre (D:4)
  A water moccasin zombie (Ossuary)
  A wight (Ossuary)
  5 centaur zombies (Ossuary)
  2 jellies
  An orc priest (D:4)
  An iguana (D:5)
  An orc wizard (D:4)
  4 scorpion zombies (Ossuary)
  Terence (D:3)
  2 ogre zombies (Ossuary)
  An adder (D:5)
  2 ufetubi
  A worm zombie (D:5)
  3 adder zombies (Ossuary)
  A worm (D:2)
  3 dart slugs
  6 orcs
  5 ball pythons
  5 endoplasms
  3 giant cockroaches
  10 goblins
  8 hobgoblins
  10 jackals
  4 kobolds
  2 quokkas
  7 bats
  5 frilled lizards
  6 gnoll zombies (Ossuary)
  2 goblin zombies (Ossuary)
  4 hobgoblin zombies (Ossuary)
  An orc zombie (Ossuary)
  4 rats
114 creatures vanquished.

Notes
Turn   | Place    | Note
-------+----------+-------------------------------------------
     0 | D:1      | seaoflcl the Minotaur Fighter began the quest for the Orb.
     0 | D:1      | Reached XP level 1. HP: 19/19 MP: 0/0
    91 | D:1      | Reached XP level 2. HP: 27/27 MP: 1/1
   206 | D:1      | Reached skill level 3 in Axes
   473 | D:1      | Reached XP level 3. HP: 33/33 MP: 2/2
   482 | D:1      | Found a faded altar of an unknown god.
   500 | D:1      | Reached skill level 1 in Throwing
   976 | D:2      | Reached XP level 4. HP: 35/40 MP: 3/3
  1620 | D:3      | Noticed Terence
  1627 | D:3      | Killed Terence
  1628 | D:3      | Reached skill level 4 in Axes
  2275 | D:3      | Reached XP level 5. HP: 47/47 MP: 4/4
  2487 | D:4      | Found a glowing silver altar of Zin.
  2628 | D:4      | Found a radiant altar of Vehumet.
  2841 | D:4      | Noticed an ogre
  2849 | D:4      | Killed an ogre
  2862 | D:4      | Reached XP level 6. HP: 27/53 MP: 5/5
  3364 | D:5      | Entered Level 5 of the Dungeon
  3389 | D:5      | Reached skill level 5 in Axes
  3394 | D:5      | Found a sand-covered staircase.
  3394 | D:5      | Noticed a water moccasin
  3399 | D:5      | Killed a water moccasin
  3410 | Ossuary  | Entered an ossuary
  3510 | Ossuary  | Reached skill level 5 in Fighting
  3510 | Ossuary  | Reached skill level 5 in Armour
  3580 | Ossuary  | Reached skill level 5 in Shields
  3615 | Ossuary  | Reached XP level 7. HP: 56/61 MP: 6/6
  3674 | Ossuary  | Reached skill level 6 in Axes
  3799 | Ossuary  | Noticed a silent spectre
  3914 | D:5      | Noticed Grinder
  3924 | D:5      | Paralysed by Grinder for 3 turns
  3929 | D:5      | HP: 3/61 [Grinder/bolt of light (12)]
  3930 | D:5      | Killed from afar by Grinder

Illustrated notes

Levels and vault maps discovered:
D:1:      lemuel_arrival_cross, layout_rooms,
          hellmonk_ecumenical_altar_inner_sanctum
D:2:      layout_basic, hangedman_decor_riveting
D:3:      layout_loops_ring, roderic_cross_of_infinity,
          kennysheep_cluttered_room, uniq_terence
D:4:      layout_cave_pods, mainiacjoe_overflow_brackets, kennysheep_mini_moat
D:5:      layout_gridville, minmay_temple_entry_proselytizer, enter_ossuary_3,
          minmay_a_box_with_orc_wizards_in_it, uniq_grinder

Skill      XL: |  1  2  3  4  5  6  7 |
---------------+----------------------+-----
Axes           | 3 4 5 6 |  6.6
Throwing       | 1 2 3 |  3.3
Armour         | 4 5 |  5.6
Fighting       | 4 5 |  5.6
Shields        | 4 5 |  5.5
Polearms       | |  0.2

Action                     |  1- 3 |  4- 6 |  7- 9 || total
---------------------------+-------+-------+-------++-------
  Melee: War axe           |    60 |   128 |    52 ||   240
         Headbutt          |    10 |    17 |    12 ||    39
  Throw: Javelin           |       |       |     1 ||     1
    Use: Potion            |       |     1 |     3 ||     4
         Scroll            |       |       |     8 ||     8
 Armour: Scale mail        |    28 |     7 |       ||    35
         Chain mail        |       |    57 |    38 ||    95
  Dodge: Dodged            |    33 |    53 |    23 ||   109
  Block: Buckler           |    17 |    41 |    14 ||    72
